 Dungeon Crawl Stone Soup version 0.31.0-1-g2c135a0 (webtiles) character file.

Game seed: 14154459152368862471

4109 ozjimbob the Cleaver (level 10, -4/84 HPs)
             Began as a Minotaur Gladiator on Apr 14, 2024.
             Was a Priest of Uskayaw.
             Killed from afar by Erica (17 damage)
             ... with a bolt of poison
             ... on level 8 of the Dungeon.
             The game lasted 00:15:41 (7253 turns).

ozjimbob the Cleaver (Minotaur Gladiator)           Turns: 7253, Time: 00:15:44

Health: -4/84      AC: 15    Str: 23    XL:     10   Next: 6%
Magic:  6/9        EV:  5    Int:  5    God:    Uskayaw [***...]
Gold:   361        SH:  0    Dex: 18    Spells: 9/9 levels left

rFire   x . .        a - +1 war axe (freeze)
rCold   . . .        (no shield)
rNeg    + . .        B - +0 plate armour {rN+}
rPois   .            c - +0 hat
rElec   .            (no cloak)
rCorr   +            (no gloves)
SInv    .            t - +1 pair of boots
Will    .....        (no amulet) Stlth
                     s - +6 ring of dexterity
HPRegen 0.34/turn    x - ring of resist corrosion
MPRegen 0.11/turn

%: no passive effects
@: lethally poisoned (-4 -> -35), weakened, slowed, constricted, very slow
A: horns 2, retaliatory headbutt, heat vulnerability 1
a: Renounce Religion, Stomp, Line Pass


You were on level 8 of the Dungeon.
You worshipped Uskayaw.
Uskayaw was noncommittal.
You visited 2 branches of the dungeon, and saw 9 of its levels.

You collected 361 gold pieces.

Inventory:

Hand Weapons
 a - a +1 war axe of freezing (weapon)
 o - a +0 war axe
 q - a +4 short sword
Missiles
 d - 3 throwing nets
 e - a javelin
Armour
 c - a +0 hat (worn)
 m - a +0 scale mail
 t - a +1 pair of boots (worn)
 w - the +4 ring mail of the Pleiades {^Contam Int+8 Stlth-}
   (You found it on level 5 of the Dungeon)

   Int+8:     It affects your intelligence (+8).
   ^Contam:   It causes magical contamination when unequipped.
   Stlth-:    It makes you less stealthy.
 B - a +0 plate armour of positive energy (worn)
Jewellery
 s - a +6 ring of dexterity (left hand)
 x - a ring of resist corrosion (right hand)
Wands
 g - a wand of flame (13) (quivered)
 A - a wand of charming (4)
Scrolls
 b - 4 scrolls of revelation
 i - 2 scrolls of fog
 l - a scroll of fear
 y - a scroll of vulnerability
Potions
 f - a potion of cancellation
 h - 3 potions of brilliance {unknown}
 j - a potion of ambrosia {unknown}
 k - 6 potions of curing {unknown}
 n - a potion of invisibility {unknown}
 p - 2 potions of mutation {unknown}
 r - 3 potions of attraction {unknown}
 u - a potion of haste {unknown}
 v - a potion of might {unknown}
 C - a potion of heal wounds {unknown}


   Skills:
 + Level 6.7 Fighting
 - Level 14.0 Axes
 - Level 2.0 Throwing
 + Level 6.1 Armour
 - Level 3.2 Dodging
 - Level 4.1 Evocations


You had 9 spell levels left.
You didn't know any spells.
Your spell library contained the following spells:

 Spells                   Type           Power      Damage    Failure   Level
 Shock                    Conj/Air       0%         1d3       100%        1
 Blink                    Tloc           0%         N/A       100%        2
 Lesser Beckoning         Tloc           0%         N/A       100%        2
 Momentum Strike          Conj/Tloc      0%         3d8       100%        2
 Swiftness                Air            0%         N/A       100%        3
 Airstrike                Air            0%         2d(0-16)  100%        4


Dungeon Overview and Level Annotations

Branches:
Dungeon (8/15)             Temple (1/1) D:6
   Lair: D:8-11

Altars:
Ashenzari
Cheibriados
Dithmenos
Elyvilon
Gozag
Hepliaklqana
Kikubaaqudgha
Makhleb
Nemelex Xobeh
Okawaru
Qazlal
Ru
Sif Muna
Trog
Uskayaw
Vehumet
Wu Jian
Yredelemnul
The Shining One

Shops:
D:8 *(*

Annotations:
D:8 Erica


Innate Abilities, Weirdness & Mutations

You have a pair of horns on your head.
You reflexively headbutt those who attack you in melee.
You are vulnerable to heat. (rF-)


Message History

You are poisoned.
You are constricted.
The gnoll bouda gazes fiercely through you!
You feel your attacks grow feeble.
You can now pass through a line of other dancers.
You have reached level 10!
You slash something! You freeze something. You hit the dream sheep.
You freeze the dream sheep.
You feel very sick.
Uskayaw will force your foes to helplessly watch your dance.
Uskayaw prepares the audience for your solo!
Something loses its grip on you.
The helpless dream sheep fails to defend itself.
You slash the dream sheep! You freeze the dream sheep.
You kill the dream sheep!
You barely miss something.
You feel very sick.
You hear some strange, mumbled words.
You feel yourself slow down.
Your Armour skill increases to level 6!
You barely miss something.
You feel very sick.
The gnoll bouda is no longer paralysed.
You hear some strange, mumbled words.
Something tries to affect you, but you resist.
The gnoll bouda gazes fiercely through you!
You feel as though you will be weak longer.
You miss something.
You feel very sick. Something hits you.
* * * LOW HITPOINT WARNING * * *
Something burns you.
* * * LOW HITPOINT WARNING * * *
Something grabs you.
You are constricted.
* * * LOW HITPOINT WARNING * * *
You hear some strange, mumbled words.
A bolt of poison appears from out of thin air!
The bolt of poison hits you!
You are lethally poisoned!
You die...

....# .....#.....
#.#..#x....
#.#..#g#...
#.#..#Y##.#
#.#..#Y##g#
#######.#..#.##{#
......#.#..#.##@######
..............††.....+
#####.#.#.##.#####.###
#.#.####.# .. #.#.#
#.# ... #.#.# #.# ..
#.#.# #.# . #.#.# #..
#.#.# ###


You could see a gnoll bouda.

Vanquished Creatures
  A two-headed ogre (D:8)
  A cyclops (D:8)
  2 dream sheep (D:8)
  A wraith (D:8)
  2 steam dragons (D:7)
  A water moccasin (D:8)
  An ice beast (D:7)
  2 orc warriors
  A centaur (D:5)
  An ogre (D:6)
  5 bullfrogs
  A scorpion (D:6)
  6 killer bees (D:7)
  3 bombardier beetles
  6 hounds
  A gnoll bouda (D:5)
  3 orc priests
  4 jellies
  7 iguanas
  A sleepcap (D:6)
  Natasha (twice) (D:2)
  7 orc wizards
  7 gnolls
  6 adders
  3 white imps
  2 dart slugs
  2 ribbon worms (D:2)
  10 orcs
  2 ball pythons
  6 endoplasms
  A giant cockroach (D:3)
  7 hobgoblins
  2 jackals (D:2)
  5 bats
  2 frilled lizards (D:2)
  11 goblins
  4 kobolds
  12 rats
141 creatures vanquished.

Notes
Turn   | Place    | Note
-------+----------+-------------------------------------------
     0 | D:1      | ozjimbob the Minotaur Gladiator began the quest for the
                  | Orb.
     0 | D:1      | Reached XP level 1. HP: 18/18 MP: 0/0
    74 | D:1      | Reached skill level 4 in Axes
   159 | D:1      | Reached XP level 2. HP: 25/25 MP: 1/1
   575 | D:1      | Reached skill level 5 in Axes
   930 | D:1      | Reached XP level 3. HP: 30/30 MP: 2/2
  1388 | D:2      | Found a hazy altar of Hepliaklqana.
  1614 | D:2      | Noticed Natasha
  1618 | D:2      | Killed Natasha
  1619 | D:2      | Reached skill level 6 in Axes
  1619 | D:2      | Reached XP level 4. HP: 29/37 MP: 3/3
  1930 | D:2      | Noticed Natasha
  1940 | D:2      | Killed Natasha
  2578 | D:3      | Found a faded altar of an unknown god.
  2657 | D:3      | Reached skill level 7 in Axes
  2657 | D:3      | Reached XP level 5. HP: 33/42 MP: 4/4
  3209 | D:4      | Reached skill level 8 in Axes
  3211 | D:4      | Reached XP level 6. HP: 50/50 MP: 5/5
  3503 | D:5      | Entered Level 5 of the Dungeon
  3524 | D:5      | Reached skill level 9 in Axes
  3678 | D:5      | Identified the +4 ring mail of the Pleiades {^Contam Int+8
                  | Stlth-}
  3720 | D:5      | Reached XP level 7. HP: 56/56 MP: 6/6
  3922 | D:5      | Reached skill level 10 in Axes
  4343 | D:6      | Reached skill level 11 in Axes
  4569 | D:6      | Reached XP level 8. HP: 61/62 MP: 7/7
  4597 | D:6      | Reached skill level 1 in Evocations
  4664 | D:6      | Reached skill level 12 in Axes
  4853 | D:6      | Found a staircase to the Ecumenical Temple.
  4862 | Temple   | Entered the Ecumenical Temple
  4877 | Temple   | Became a worshipper of Uskayaw the Reveller
  5134 | D:7      | Found a sparkling altar of Nemelex Xobeh.
  5223 | D:7      | Reached * piety under Uskayaw
  5463 | D:7      | Reached ** piety under Uskayaw
  5490 | D:7      | Reached *** piety under Uskayaw
  5516 | D:7      | Reached skill level 13 in Axes
  5517 | D:7      | Reached **** piety under Uskayaw
  5669 | D:7      | Reached XP level 9. HP: 29/68 MP: 8/8
  6173 | D:7      | Gained mutation: You are vulnerable to heat. (rF-)
                  | [mutagenic glow]
  6264 | D:7      | Reached skill level 1 in Armour
  6565 | D:8      | Reached skill level 14 in Axes
  6697 | D:8      | Found Liler's Assorted Antiques.
  6699 | D:8      | Found Qosojozo's Weapon Emporium.
  6699 | D:8      | Found Xaicae's Assorted Antiques.
  6716 | D:8      | Noticed a two-headed ogre
  6724 | D:8      | Killed a two-headed ogre
  6725 | D:8      | Reached skill level 5 in Fighting
  6847 | D:8      | Noticed a cyclops
  6851 | D:8      | Killed a cyclops
  6852 | D:8      | Reached skill level 5 in Armour
  7239 | D:8      | Noticed Erica
  7250 | D:8      | Reached XP level 10. HP: 34/84 MP: 5/9
  7253 | D:8      | Killed from afar by Erica

Illustrated notes

Levels and vault maps discovered:
D:1:      elethiomel_arrival_diamonds, layout_loops_corners, minmay_octomino_e4
D:2:      minmay_alternating_diamond, layout_loops_corners, basic_altar,
          uniq_natasha
D:3:      layout_basic, basic_ecumenical_altar, chequers_serial_rivers_micro_b
D:4:      layout_rooms, nicolae_titane
D:5:      layout_basic
D:6:      layout_cave_pools, lemuel_temple_firewalk_a,
          minmay_misc_feat_more_columns
D:7:      layout_layer_cave, nemelex_xobeh_ov_fountains_minmay,
          chequers_serial_rivers_large_b
D:8:      layout_basic, lair_entry_dummy, nicolae_shop_distant_corner_stores,
          dreamdust_gnoll_shepherd, uniq_erica, uniq_maggie, uniq_grum
Temple:   regret_index_temple_chain_breaker

Skill      XL: |  1  2  3  4  5  6  7  8  9 10 |
---------------+-------------------------------+-----
Axes           | 4 5 6 7 8 9 11 13 14 | 14.0
Evocations     | 3 4 |  4.1
Armour         | 5 6 |  6.1
Fighting       | 6 |  6.7
Throwing       | |  2.0
Dodging        | |  3.2

Action                     |  1- 3 |  4- 6 |  7- 9 | 10-12 || total
---------------------------+-------+-------+-------+-------++-------
  Melee: War axe           |    74 |    96 |   161 |     4 ||   335
         Headbutt          |    10 |    22 |    30 |       ||    62
         Punch             |     1 |     1 |       |       ||     2
  Throw: Throwing net      |       |     2 |     6 |       ||     8
         Javelin           |       |       |     1 |       ||     1
 Invoke: Line Pass         |       |       |     1 |       ||     1
         Stomp             |       |       |     1 |       ||     1
  Evoke: Wand              |       |       |    12 |       ||    12
    Use: Scroll            |       |     8 |     4 |       ||    12
         Potion            |       |       |     2 |       ||     2
   Stab: Paralysed         |       |       |     4 |     1 ||     5
         Confused          |       |       |     2 |       ||     2
 Armour: Leather armour    |    27 |       |       |       ||    27
         Scale mail        |    10 |    69 |       |       ||    79
         Ring mail         |       |       |   115 |       ||   115
         Plate armour      |       |       |    28 |     2 ||    30
  Dodge: Dodged            |    38 |    42 |   103 |       ||   183
